[Event "Live Chess"]
[Site "Chess.com"]
[Date "2023.05.21"]
[Round "-"]
[White "Pablo_dmp"]
[Black "yeetpizza74"]
[Result "1-0"]
[WhiteElo "1854"]
[BlackElo "465"]
[TimeControl "300"]
[EndTime "1:59:13 PDT"]
[Termination "Pablo_dmp won by checkmate"]

1. e4 c6 2. d4 d5 3. Nc3 Nf6 4. e5 Ne4 5. Qf3 Nxc3 6. bxc3 e6 7. Bd3 Be7 8. Qg4 f6 9. Qxg7 Rf8 10. Bxh7 Rf7 11.
Bg6 fxe5 12. Qxf7+ Kd7 13. Nf3 exd4 14. cxd4 Kd6 15. Bf4+ e5 16. Bxe5+ Kd7 17. Bf5# 1-0

[Event "Live Chess"]
[Site "Chess.com"]
[Date "2023.05.21"]
[Round "-"]
[White "Leonid_Starozhilov"]
[Black "Crowded_House"]
[Result "1-0"]
[WhiteElo "2639"]
[BlackElo "1662"]
[TimeControl "300"]
[EndTime "1:59:38 PDT"]
[Termination "Leonid_Starozhilov won by resignation"]

1. b3 e6 2. Bb2 d5 3. Nf3 c5 4.
e3 Nf6 5. Bb5+ Bd7 6. a4 a6 7.
Bxd7+ Nbxd7 8. O-O Bd6 9. d3 O-O 10. Nbd2 Qc7 11. e4 dxe4 12. dxe4 Ne5 13. Qe2 Nxf3+ 14.
Nxf3 Be7 15. a5 Rfd8 16. Nd2 b5 17. axb6 Qxb6 18. Nc4 Qb5 19. Rfd1 Rxd1+ 20. Rxd1 Rd8 21. Rxd8+ Bxd8 22. Qd3 Qd7 23. Kf1 Qxd3+ 24. cxd3 Bc7 25. h3 Kf8 26. Ba3 Nd7 27. d4 Ke8 28. dxc5 g6 29. Ke2 h5 30. b4 Ne5 31. Nxe5 Bxe5 32. Kd3 Kd7 33. Bc1 Kc6 34. Kc4 f5 35. exf5 exf5 36. f3 Bc7 37. Bg5 Be5 38. Bd8 Bg3 39.
Kd3 Be5 40. g4 fxg4 41. fxg4 hxg4 42. hxg4 Kb5 43. Ba5 Bg3 44. Ke4 Be1 45. Kd5 Bg3 46. c6 Bf4 47. c7 Bxc7 48. Bxc7 Kxb4 49. Ke6 a5 50. Kf6 a4 51. Be5 a3 52. Kxg6 Kb3 53. Kf5 Ka2 54. g5 Kb1 55. g6 a2 56.
g7 a1=Q 57. Bxa1 Kxa1 58. g8=Q 1-0

[Event "Live Chess"]
[Site "Chess.com"]
[Date "2023.05.21"]
[Round "-"]
[White "Alan_Richardson"]
[Black "LiamBellwood"]
[Result "1-0"]
[WhiteElo "1747"]
[BlackElo "1992"]
[TimeControl "300"]
[EndTime "1:59:39 PDT"]
[Termination "Alan_Richardson won on time"]

1. d4 e6 2. Nf3 f5 3. Bf4 Nf6 4. e3 b6 5. h3 Bb7 6. Be2 Be7 7. c4 O-O 8. Nc3 Ne4 9. O-O d6 10. Rc1 Nd7 11. b4 Ndf6 12. a4 Nxc3 13. Rxc3 Ne4 14. Rc1 a5 15. b5 Bf6 16. Bh2 Kh8 17. Bd3 g5 18. Nd2 Nxd2 19. Qxd2 g4 20. hxg4 Rg8 21. Bg3 Rxg4 22. c5 dxc5 23. dxc5 Bd5 24.
cxb6 cxb6 25. Qe2 Bh4 26. Bc4 Bb7 27. Be5+ Bf6 28. f3 Rg6 29. Qb2 Bxe5 30. Qxe5+ Qf6 31. Qxf6+ Rxf6 32. Rfd1 Rc8 33. Bb3 Rg8 34. Kf2 Rfg6 35. Rg1 h5 36. Rc7 R8g7 37. Rxg7 Kxg7 38. Rc1 Kf6 39.
Rc7 Rg7 40. Rxg7 Kxg7 41. Kg3 Kf6 42. Kh4 e5 43. Kxh5 e4 44. f4 Bc8 45. Kh6 Bd7 46. Bc4 Be8 47. Bd5 Bd7 48. Bc6 Be6 49. Kh5 Bb3 50.
g4 fxg4 51. Kxg4 Bxa4 52. Kg3 Bc2 53. Kf2 a4 54. Ke1 a3 55. Kd2 Bb3 56. Kc1 a2 57. Kb2 Bc4 58. Ka1 Kf5 59. Bd7+ Kg6 60. Kb2 1-0

[Event "Live Chess"]
[Site "Chess.com"]
[Date "2023.05.21"]
[Round "-"]
[White "MJMykh"]
[Black "mliszewski"]
[Result "1/2-1/2"]
[WhiteElo "1153"]
[BlackElo "1828"]
[TimeControl "300"]
[EndTime "1:59:48 PDT"]
[Termination "Game drawn by stalemate"]

1. e4 c6 2. Nf3 d5 3. exd5 cxd5 4.
Nc3 Nc6 5. Bb5 Bg4 6. Bxc6+ bxc6 7. O-O e6 8. h3 Bh5 9. d3 Nf6 10. Bg5 Be7 11. Bxf6 Bxf6 12. Qd2 Bxf3 13. gxf3 O-O 14. Rab1 Rb8 15. Kh2 Qd6+ 16. Kg2 Rb4 17. Rg1 Rh4 18. Kf1 Rxh3 19. a3 Rxf3 20. d4 Qh2 21. Na4 Bh4 22. Rg2 Qh3 23. Qh6 Rxf2+ 24. Kg1 Qh2+ 25.
Rxh2 Rxh2 26. Kxh2 gxh6 27. Kh3 Bf6 28. Rg1+ Kh8 29. c3 Rb8 30. b4 a5 31. Nc5 axb4 32.
axb4 Rd8 33. Nb7 Rd7 34. Nc5 Ra7 35. Rf1 Kg7 36. Rg1+ Bg5 37. Nd3 Ra3 38. Rc1 Bxc1 39. Nxc1 Rxc3+ 40. Nd3 Rxd3+ 41. Kg4 Rxd4+ 42. Kh5 Rxb4 1/2-1/2

[Event "Live Chess"]
[Site "Chess.com"]
[Date "2023.05.21"]
[Round "-"]
[White "Duke_of_Bebington"]
[Black "HoarseyHorsey"]
[Result "1-0"]
[WhiteElo "1594"]
[BlackElo "1449"]
[TimeControl "300"]
[EndTime "1:59:55 PDT"]
[Termination "Duke_of_Bebington won by resignation"]

1. e4 c5 2. c3 e6 3. d4 d5 4. exd5 exd5 5. Nf3 Nc6 6. Be3 cxd4 7. Nxd4 Nf6 8. Bb5 Bd7 9. O-O Be7 10. Re1 O-O 11. Nd2 a6 12. Ba4 Nxd4 13. Bxd7 Qxd7 14. Bxd4 Rfe8 15. Qf3 Rad8 16. Rad1 Qf5 1-0

[Event "Live Chess"]
[Site "Chess.com"]
[Date "2023.05.21"]
[Round "-"]
[White "stevochess11"]
[Black "Goblinbasher"]
[Result "1/2-1/2"]
[WhiteElo "1727"]
[BlackElo "1236"]
[TimeControl "300"]
[EndTime "2:00:01 PDT"]
[Termination "Game drawn - insufficient material"]

1. d4 f5 2. Nf3 Nf6 3. Bg5 e6 4.
Nbd2 Be7 5. Bxf6 Bxf6 6. e4 fxe4 7. Nxe4 O-O 8. Bd3 d6 9. O-O b6 10. c3 Bb7 11. Ng3 Nd7 12. Qe2 Re8 13. Rfe1 Bxf3 14.
Qxf3 Rb8 15. Qe4 g6 16. Nh5 Qe7 17. Nf4 d5 18. Qf3 Qf7 19. Qg3 c5 20. Nxg6 hxg6 21. Bxg6 Qg7 22. Bxe8 Rxe8 23. Qxg7+ Kxg7 24. Re3 cxd4 25.
cxd4 Bxd4 26. Rg3+ Kf7 27. Rc1 Bxb2 28. Rc7 a5 29.
Rxd7+ Kf6 30. Rf3+ Ke5 31. Re3+ Kd4 32. Rb7 Kc4 33. Rxb6 Bd4 34. Rc6+ Kb5 35. Rc2 Bxe3 36. fxe3 e5 37. Kf2 Rf8+ 38. Ke2 a4 39. Kd3 Rg8 40. g3 Rg4 41. Rb2+ Kc5 42. a3 Rc4 43. Rb8 e4+ 44.
Kd2 Kd6 45. h4 Rc7 46. Ra8 Rc4 47. h5 d4 48. exd4 Rxd4+ 49. Ke3 Rd3+ 50. Kxe4 Rxg3 51. Rxa4 Rg4+ 52. Kf5 Rxa4 53. h6 Ra8 54. Kg6 Rh8 55.
h7 Rxh7 56. Kxh7 Kc5 57. Kg6 Kb5 58. Kf5 Ka4 59. Ke5 Kxa3 1/2-1/2

[Event "Live Chess"]
[Site "Chess.com"]
[Date "2023.05.21"]
[Round "-"]
[White "Woodpusher500"]
[Black "domrobson"]
[Result "0-1"]
[WhiteElo "1040"]
[BlackElo "1731"]
[TimeControl "300"]
[EndTime "2:00:14 PDT"]
[Termination "domrobson won by resignation"]

1. e4 e5 2. Nc3 Nf6 3. f4 d5 4.
fxe5 Nxe4 5. Qf3 Nc6 6. Nxe4 Nd4 7. Qc3 dxe4 8. d3 exd3 9. Qxd3 Bf5 10. Qd2 Nxc2+ 11. Kd1 Ne3+ 12. Ke1 Qxd2+ 13. Bxd2 Nc2+ 14. Kd1 Nxa1 15. Nf3 O-O-O 16. Be2 Nc2 17. Rf1 Ne3+ 18. Ke1 Nxf1 19. Kxf1 Be4 0-1

[Event "Live Chess"]
[Site "Chess.com"]
[Date "2023.05.21"]
[Round "-"]
[White "CroasArRheun"]
[Black "Long1968"]
[Result "1-0"]
[WhiteElo "1804"]
[BlackElo "982"]
[TimeControl "300"]
[EndTime "2:00:19 PDT"]
[Termination "CroasArRheun won on time"]

1. d4 e6 2. c4 d5 3. Nc3 Nf6 4. cxd5 exd5 5. Bg5 Be7 6. e3 b6 7. Bd3 Bb7 8. Nf3 h6 9. Bh4 Ne4 10. Bxe7 Qxe7 11. Ne5 Nxc3 12. bxc3 O-O 13. O-O Nd7 14. Nxd7 Qxd7 15. Bc2 c5 16. Qd3 g6 17. Rad1 c4 18. Qe2 Rae8 19. Qf3 Bc8 20. Rfe1 f5 21. Qf4 g5 22.
Qf3 f4 23. exf4 Rxf4 24. Rxe8+ Qxe8 25. Qxd5+ Be6 26. Qe5 Qf7 27. f3 Bd5 28. Re1 g4 29.
Qe8+ Qxe8 30. Rxe8+ Kf7 31. Re5 1-0

[Event "Live Chess"]
[Site "Chess.com"]
[Date "2023.05.21"]
[Round "-"]
[White "hturner40"]
[Black "ProfPoisson"]
[Result "1-0"]
[WhiteElo "1783"]
[BlackElo "1216"]
[TimeControl "300"]
[EndTime "2:00:25 PDT"]
[Termination "hturner40 won by resignation"]

1. Nf3 f5 2. e4 fxe4 3. Ng5 Nf6 4. d3 d5 5. dxe4 dxe4 6. Qxd8+ Kxd8 7. Nf7+ Ke8 8.
Nxh8 e5 9. Bc4 Nc6 10. Bd2 Nd4 11. Kd1 Bg4+ 12. Kc1 Rd8 13. Nf7 e3 14. fxe3 c6 15. Nxd8 b5 16. exd4 bxc4 17. dxe5 1-0

[Event "Live Chess"]
[Site "Chess.com"]
[Date "2023.05.21"]
[Round "-"]
[White "Biranidun"]
[Black "peter-785"]
[Result "1-0"]
[WhiteElo "2547"]
[BlackElo "1190"]
[TimeControl "300"]
[EndTime "2:00:54 PDT"]
[Termination "Biranidun won by resignation"]

1. e4 c5 2. Nf3 d6 3. d4 cxd4 4.
Nxd4 e6 5. Nc3 Nf6 6. g4 Be7 7. g5 Nfd7 8. h4 Ne5 9. f4 Nec6 10. Nf3 a6 11. Be3 b5 12. Qd2 Bb7 13. O-O-O Qa5 14.
Kb1 b4 15. Ne2 Nd7 16. Ng3 Rd8 17. h5 Nc5 18. Bc4 d5 19. exd5 exd5 20. Bb3 Ne4 21. Qe1 Nxg3 22. Qxg3 Bc5 23. Bxc5 Qxc5 24. Rhe1+ Kf8 25.
f5 Re8 26. Rxe8+ Kxe8 27. Rxd5 Ne7 28. Rxc5 1-0

[Event "Live Chess"]
[Site "Chess.com"]
[Date "2023.05.21"]
[Round "-"]
[White "LiamClery2020"]
[Black "chessfiction"]
[Result "0-1"]
[WhiteElo "2028"]
[BlackElo "2334"]
[TimeControl "300"]
[EndTime "2:00:56 PDT"]
[Termination "chessfiction won by resignation"]

1. e4 e5 2. Nc3 d5 3. Nxd5 c6 4.
Nc3 Bc5 5. Nf3 Nf6 6. d3 O-O 7. Be3 Bxe3 8. fxe3 Qb6 9. Qc1 Ng4 10. Nd1 f5 11. h3 fxe4 12. dxe4 Nf6 13. Bc4+ Kh8 14. O-O Nbd7 15. Ng5 h6 16. Ne6 Re8 17. Qd2 Nxe4 18. Qe2 Ndf6 19. Qf3 Bxe6 0-1

[Event "Live Chess"]
[Site "Chess.com"]
[Date "2023.05.21"]
[Round "-"]
[White "SupremeTactician"]
[Black "JoeyCage"]
[Result "0-1"]
[WhiteElo "2280"]
[BlackElo "2314"]
[TimeControl "300"]
[EndTime "2:01:08 PDT"]
[Termination "JoeyCage won by resignation"]

1. e4 c5 2. Nf3 Nc6 3. d4 cxd4 4.
Nxd4 g6 5. Be3 Bg7 6. c4 Nf6 7. Nc3 d6 8. f3 O-O 9. Qd2 a5 10. Rc1 a4 11. Be2 Qa5 12. O-O Bd7 13.
Rfd1 Rfc8 14. Bf1 Ne5 15. b3 axb3 16. axb3 Nc6 17. Qf2 Nxd4 18. Bxd4 Qb4 19. Bxf6 exf6 20. Nd5 Qxb3 21. Rb1 Qa4 22. Nb6 Qc6 23. Nxa8 Rxa8 24. Qb6 Qxb6+ 25. Rxb6 Bc6 26. Rxd6 Bf8 27. Rdxc6 bxc6 28.
Rxc6 Kg7 29. Rc7 Ra5 30. Kf2 Bd6 31. Rd7 Bxh2 32. g3 Ra2+ 33. Be2 Bxg3+ 34. Kxg3 Rxe2 35. c5 Rc2 36. Rc7 g5 37. c6 h5 38. Rc8 h4+ 39. Kh3 Rf2 40. Kg4 Rg2+ 41. Kh3 Rg3+ 42. Kh2 Rxf3 43. c7 Rc3 44. Kg2 g4 45. Kf2 h3 46. e5 fxe5 0-1

[Event "Live Chess"]
[Site "Chess.com"]
[Date "2023.05.21"]
[Round "-"]
[White "Rusty_Bridges"]
[Black "wadsy27"]
[Result "0-1"]
[WhiteElo "1514"]
[BlackElo "2569"]
[TimeControl "300"]
[EndTime "2:01:40 PDT"]
[Termination "wadsy27 won on time"]

1. e4 c5 2. Be2 e6 3. f4 Nc6 4. Nf3 Nf6 5. d3 d5 6. e5 Nd7 7.
O-O Be7 8. Be3 b6 9. Nc3 a6 10. Bf2 Bb7 11. Re1 Qc7 12. Bf1 O-O-O 13. a3 h6 14. d4 c4 15. b3 b5 16. bxc4 bxc4 17. Qb1 g5 18. fxg5 hxg5 19. Nd2 Qa5 20. Qb2 Kc7 21.
Re3 Rb8 22. Rb1 Ba8 23. Qa2 Rxb1 24. Ndxb1 Rb8 25. Rf3 Nd8 26. Nd2 Bc6 27. Rg3 Qb6 28. Ne2 Qb2 29. Qxb2 Rxb2 30. Rc3 Nb6 31. Nf3 Na4 32.
Re3 Rxc2 33. Ng3 Ra2 34. Nh5 Rxa3 35. Nf6 Rxe3 36. Bxe3 c3 37. Bxg5 Bb5 38. h4 Bxf1 39.
Kxf1 Nc6 40. h5 Bf8 41. Nh7 Bg7 42. Bf6 c2 43. Bg5 Nc3 44. Nf6 Ne4 45. Bc1 Nxf6 46. exf6 Bxf6 47. h6 Kd7 48. h7 Bh8 49. Ng5 Ke7 50.
Ke2 Nxd4+ 51. Kd3 f6 52. Nf3 Nxf3 53. gxf3 Kf7 54. Kxc2 Kg6 55. Kd3 Kxh7 56. Bd2 Kg6 57. Bc3 Kf5 0-1

[Event "Live Chess"]
[Site "Chess.com"]
[Date "2023.05.21"]
[Round "-"]
[White "rasrae1364"]
[Black "JanMur7"]
[Result "1-0"]
[WhiteElo "1954"]
[BlackElo "1961"]
[TimeControl "300"]
[EndTime "2:01:44 PDT"]
[Termination "rasrae1364 won by resignation"]

1. d4 Nf6 2. e3 e6 3. Nf3 d5 4. c4 Be7 5. Be2 O-O 6. O-O b6 7. cxd5 Nxd5 8. e4 Nf6 9. Qc2 Bb7 10. Nc3 Nbd7 11. Bf4 c5 12. Rad1 cxd4 13. Rxd4 Bc5 14.
Rd2 Qe7 15. e5 Nd5 16. Ng5 g6 17. Nxd5 Bxd5 18. Bc4 Bxc4 19. Qxc4 Nxe5 20. Qc3 Nc6 21. Ne4 e5 22. Bh6 Rfd8 23. Bg5 Qf8 24. Bxd8 Bb4 25. Qxc6 Bxd2 26. Qxa8 1-0

[Event "Live Chess"]
[Site "Chess.com"]
[Date "2023.05.21"]
[Round "-"]
[White "Ferrarifan27"]
[Black "PrinceCharming_1"]
[Result "1-0"]
[WhiteElo "2094"]
[BlackElo "1622"]
[TimeControl "300"]
[EndTime "2:01:56 PDT"]
[Termination "Ferrarifan27 won by resignation"]

1. e4 e5 2. Nf3 Nc6 3. Bb5 Nf6 4.
O-O Nxe4 5. d4 Nd6 6. Bxc6 bxc6 7. dxe5 Nb7 8. Nc3 Be7 9. Re1 O-O 10. Bf4 Nc5 11.
Qd2 Ne6 12. Be3 a5 13. Ne4 Ba6 14. b3 d5 15. Ng3 Bc5 16. Bxc5 Nxc5 17. Qxa5 Ne6 18.
Qc3 Qd7 19. a4 c5 20. Rad1 d4 21. Qd2 Bb7 22. Nh4 Qc6 23. f3 Rad8 24. Nhf5 Rfe8 25.
Ne4 Nf8 26. Qg5 Ng6 27. h4 h6 28. Qg3 Kh7 29. h5 Qd7 30. hxg6+ fxg6 31. Nh4 Qe6 32. Nxc5 Qc6 33. Nxb7 Qxb7 34. Qxg6+ Kh8 35. Nf5 c6 36. e6 Rd6 37. Qxe8+ 1-0

[Event "Live Chess"]
[Site "Chess.com"]
[Date "2023.05.21"]
[Round "-"]
[White "NAZRIZ1977"]
[Black "DRS44"]
[Result "1-0"]
[WhiteElo "1970"]
[BlackElo "1323"]
[TimeControl "300"]
[EndTime "2:01:57 PDT"]
[Termination "NAZRIZ1977 won by resignation"]

1. c4 e5 2. g3 c6 3. d4 exd4 4.
Qxd4 d5 5. Bg2 dxc4 6. Qxd8+ Kxd8 7. Nf3 Nf6 8. Ne5 Bb4+ 9. Bd2 Bxd2+ 10. Nxd2 Kc7 11.
Nxf7 Rf8 12. Ne5 Be6 13. Nexc4 Nbd7 14. O-O Rae8 15. e3 Kb8 16. a4 Nc5 17. b4 Nd3 18.
b5 cxb5 19. axb5 Rc8 20. Nd6 Rc2 21. N2e4 Nxe4 22. Bxe4 Ne5 23. Bxc2 1-0

[Event "Live Chess"]
[Site "Chess.com"]
[Date "2023.05.21"]
[Round "-"]
[White "WombatIn_A_Box"]
[Black "WelshTiger"]
[Result "0-1"]
[WhiteElo "533"]
[BlackElo "2350"]
[TimeControl "300"]
[EndTime "2:02:01 PDT"]
[Termination "WelshTiger won by checkmate"]

1. e4 c6 2. d4 d5 3. f3 dxe4 4. fxe4 e5 5. d5 Nf6 6. Nc3 Bb4 7. Nf3 O-O 8. Nxe5 Nxe4 9. a3 Bxc3+ 10. bxc3 Qh4+ 11. g3 Nxg3 12. hxg3 Qxh1 13. Qf3 Qxf3 14. Nxf3 cxd5 15. Bf4 Nc6 16. Bb5 Bg4 17. Nh2 Bf5 18. O-O-O Rad8 19. Bd3 Bxd3 20. cxd3 d4 21. c4 Rfe8 22.
Nf3 Re2 23. Nxd4 Nxd4 24. Rd2 Nb3+ 25. Kc2 Nxd2 26. Bxd2 Rxd2+ 27. Kxd2 f5 28. Ke3 Kf7 29. Kf4 Kf6 30. g4 g5+ 31. Kg3 Rxd3+ 32. Kf2 fxg4 33. Ke2 Rxa3 34. Kd2 g3 35. Ke2 h5 36. Kf1 h4 37.
Kg2 Kf5 38. c5 Kf4 39. c6 bxc6 40. Kh3 Ra1 41. Kg2 Ra2+ 42. Kh3 Rh2# 0-1

[Event "Live Chess"]
[Site "Chess.com"]
[Date "2023.05.21"]
[Round "-"]
[White "jimwad"]
[Black "Larchikov"]
[Result "0-1"]
[WhiteElo "1227"]
[BlackElo "2068"]
[TimeControl "300"]
[EndTime "2:02:19 PDT"]
[Termination "Larchikov won on time"]

1. d4 Nf6 2. c4 g6 3. Nc3 d5 4. c5 Bg7 5. Nf3 O-O 6. e3 b6 7. cxb6 axb6 8. Bd3 Ba6 9. Bxa6 Nxa6 10. O-O c5 11. dxc5 bxc5 12. a3 c4 13. Rb1 Nc5 14.
Nd4 Nd3 15. b3 e5 16. Ndb5 Rc8 17. bxc4 Rxc4 18. Qxd3 e4 19. Qe2 Ne8 20. Bb2 Nc7 21. Nxc7 Rxc7 22. Nb5 Rc5 23. Bxg7 Kxg7 24. Qb2+ Kg8 25.
Nd4 Qd6 26. Qb6 Qe7 27. a4 Ra8 28. Ra1 Rca5 29. Nc6 Qd6 30. Rfb1 R5a6 31. Qb7 Qxc6 32. Qxc6 Rxc6 33. a5 Kg7 34. h3 Kf6 35. Rb5 Ke6 36. Kh2 Ke5 37. Rab1 h6 38. Rb6 Rxb6 39. axb6 Rb8 40.
b7 Kd6 41. Rb6+ Kc7 42. Rf6 Rf8 43. b8=Q+ Kxb8 44. Rd6 Kc7 45. Rxd5 Re8 46. Kg3 Kc6 47. Rd4 f5 48. Kf4 Re6 49. g4 Rf6 50. g5 hxg5+ 51. Kxg5 Re6 52. h4 Kc7 53. h5 gxh5 54. Kxh5 Re5 55. Kg5 Kc6 56. Kf4 Ra5 57. f3 exf3 58.
Kxf3 Kc5 59. Kf4 Ra3 60. Kxf5 Rxe3 61. Rd3 Rxd3 62. Ke5 Re3+ 63. Kf5 Kd4 64. Kf4 Re4+ 65. Kf5 Kd5 66. Kf6 Rd4 67. Kf5 Re4 68. Kf6 Re5 69.
Kf7 Re6 70. Kg7 Kd6 71. Kf7 Ke5 72. Kg7 Rc6 73. Kf7 Rc7+ 0-1

[Event "Live Chess"]
[Site "Chess.com"]
[Date "2023.05.21"]
[Round "-"]
[White "Singapourfeuj"]
[Black "Pandreq"]
[Result "1-0"]
[WhiteElo "2180"]
[BlackElo "1255"]
[TimeControl "300"]
[EndTime "2:02:22 PDT"]
[Termination "Singapourfeuj won by resignation"]

1. d4 d5 2. c4 c6 3. Nf3 Nf6 4. Nbd2 Bf5 5. g3 e6 6. Bg2 Nbd7 7.
O-O Nb6 8. b3 Ne4 9. Bb2 Bb4 10.
a3 Bxd2 11. Nxd2 Nxd2 12. Qxd2 O-O 13. c5 Nd7 14. h4 b6 15. b4 Nf6 16. Rab1 Ne4 17.
Qf4 Qb8 18. Qxb8 Raxb8 19. Rbc1 Nd2 20. Rfd1 Nc4 21. Rxc4 dxc4 22. Bxc6 bxc5 23. dxc5 Bc2 24. Rc1 Bb3 25. Be5 Rbd8 26. Bb7 Rd1+ 27. Rxd1 Bxd1 28. c6 Bxe2 29. c7 c3 30. Bxc3 Bb5 31. c8=Q Rxc8 32. Bxc8 a6 33. a4 Bc4 34. f4 f6 35. Kf2 Kf8 36.
Ke3 Ke7 37. Kd4 Be2 38. Kc5 Bd1 39. Bxa6 Bxa4 40. b5 Kd7 41. b6 Bc6 42. Ba5 Bd5 43.
b7 Bxb7 44. Bxb7 e5 45. fxe5 fxe5 46. Kd5 Ke7 47. Kxe5 1-0

[Event "Live Chess"]
[Site "Chess.com"]
[Date "2023.05.21"]
[Round "-"]
[White "Mugzwang"]
[Black "Tushinskiy"]
[Result "0-1"]
[WhiteElo "1562"]
[BlackElo "2159"]
[TimeControl "300"]
[EndTime "2:02:25 PDT"]
[Termination "Tushinskiy won by checkmate"]

1. Nf3 d5 2. c4 c6 3. g3 Nf6 4.
Bg2 e6 5. O-O Bd6 6. b3 Nbd7 7.
Bb2 Qe7 8. Nc3 O-O 9. d3 e5 10. cxd5 cxd5 11. Rc1 a6 12. Qc2 d4 13. Nb1 Rb8 14.
Nbd2 b5 15. Ng5 Nc5 16. Nge4 Ncxe4 17. Nxe4 Nxe4 18. Bxe4 Bh3 19. Rfe1 f5 20. Bg2 Bxg2 21.
Kxg2 f4 22. Qc6 h6 23. Qd5+ Kh8 24. Rc6 Rf6 25. Rec1 Rbf8 26. Rxa6 fxg3 27. f3 gxh2 28. Rcc6 Rg6+ 29. Kxh2 Qh4# 0-1

[Event "Live Chess"]
[Site "Chess.com"]
[Date "2023.05.21"]
[Round "-"]
[White "Mikhail_Golubev"]
[Black "FailsGambits"]
[Result "1-0"]
[WhiteElo "2467"]
[BlackElo "1335"]
[TimeControl "300"]
[EndTime "2:02:28 PDT"]
[Termination "Mikhail_Golubev won by checkmate"]

1. a3 d5 2. h3 e5 3. e3 f5 4.
d3 Nf6 5. Nf3 Bd6 6. Be2 Be6 7. b3 Nbd7 8. Bb2 Qe7 9. Nbd2 O-O-O 10.
d4 e4 11. Ne5 Bxe5 12. dxe5 Ne8 13. c4 dxc4 14. b4 Nb6 15. Bd4 Bf7 16. Qc2 c6 17. O-O Nc7 18. a4 Qxb4 19. a5 Nbd5 20. Rfb1 Qe7 21.
Nxc4 Na6 22. Nd6+ Rxd6 23. exd6 Qxd6 24. Bxa6 bxa6 25. Rb2 Nb4 26. Rxb4 Qxb4 27. Qxc6+ Kd8 28. Bxg7 Be8 29. Bf6+ Qe7 30. Rd1+ Bd7 31. Qxd7# 1-0

[Event "Live Chess"]
[Site "Chess.com"]
[Date "2023.05.21"]
[Round "-"]
[White "RamsayFlayer"]
[Black "yeetpizza74"]
[Result "1-0"]
[WhiteElo "1969"]
[BlackElo "465"]
[TimeControl "300"]
[EndTime "2:02:31 PDT"]
[Termination "RamsayFlayer won by checkmate"]

1. e4 c6 2. d4 d5 3. Nc3 Nf6 4. e5 Ne4 5. Nxe4 dxe4 6. c3 e6 7. g3 Be7 8. Bg2 O-O 9. Bxe4 f6 10. Qh5 h6 11. Nf3 f5 12. Bc2 b6 13. Qg6 Ba6 14.
Bxh6 Rf7 15. Bb3 Qd7 16. Bxe6 Qd8 17. Qxg7# 1-0

[Event "Live Chess"]
[Site "Chess.com"]
[Date "2023.05.21"]
[Round "-"]
[White "YrrriKharkiv"]
[Black "HadesLearmonth"]
[Result "1-0"]
[WhiteElo "2058"]
[BlackElo "1208"]
[TimeControl "300"]
[EndTime "2:02:33 PDT"]
[Termination "YrrriKharkiv won by resignation"]

1. d4 d5 2. c4 e6 3. Nc3 Nf6 4. g3 Be7 5. Bg2 O-O 6. Nf3 Nc6 7. cxd5 exd5 8. O-O Bg4 9. Qa4 Ne4 10. Rd1 Bb4 11. Qb3 Qf6 12. Nxd5 Qd6 13. Nxb4 Nxb4 14. Bf4 Qb6 15. a3 Nc6 16. Qxb6 cxb6 17. d5 Na5 18. Nd4 Nc5 19. b4 Bxe2 20. Nxe2 Nc4 21. bxc5 bxc5 22. Rdc1 Nb6 23. Rxc5 Rae8 24. Be3 Nd7 25. Rc7 Ne5 26. Bc5 1-0

[Event "Live Chess"]
[Site "Chess.com"]
[Date "2023.05.21"]
[Round "-"]
[White "mliszewski"]
[Black "LiamBellwood"]
[Result "1-0"]
[WhiteElo "1840"]
[BlackElo "1980"]
[TimeControl "300"]
[EndTime "2:02:35 PDT"]
[Termination "mliszewski won by resignation"]

1. d4 e6 2. Nf3 f6 3. Bf4 f5 4.
e3 Nf6 5. Bd3 b6 6. c3 Bb7 7.
Nbd2 Bd6 8. Bg3 O-O 9. O-O Bxg3 10. hxg3 Ne4 11. Bxe4 fxe4 12. Ne5 d6 13. Nec4 d5 14. Ne5 Nd7 15. f4 c5 16. Qg4 Qe7 17. Kf2 Nxe5 18.
dxe5 Ba6 19. Rh1 g6 20. Rh6 Rf7 21. Rah1 Raf8 22. Qxg6+ hxg6 23. Rh8+ 1-0

[Event "Live Chess"]
[Site "Chess.com"]
[Date "2023.05.21"]
[Round "-"]
[White "SteveValentine83"]
[Black "KeithArkell"]
[Result "0-1"]
[WhiteElo "1533"]
[BlackElo "2508"]
[TimeControl "300"]
[EndTime "2:02:40 PDT"]
[Termination "KeithArkell won by resignation"]

1. e4 c6 2. d4 d5 3. e5 c5 4. dxc5 Nc6 5. f4 e6 6. Nf3 Bxc5 7. Bd3 Nge7 8. Nc3 a6 9. Qe2 b5 10. Bd2 Qb6 11. Nd1 Nd4 12. Qf1 Nxf3+ 13. Qxf3 b4 14. Be3 a5 15. Bxc5 Qxc5 16. Qe3 Qxe3+ 17. Nxe3 Ba6 18. Kf2 h5 19. Rac1 g6 20. Bxa6 Rxa6 21. c3 O-O 22. cxb4 axb4 23. Rc7 Nf5 24. Nxf5 gxf5 25.
Rb7 Rxa2 26. Rxb4 Rc8 27. Rd1 Rc2+ 28. Kf3 h4 29. Rd3 Rcxb2 30. Rxb2 Rxb2 31. h3 Kg7 32.
Ra3 Kg6 33. Rc3 Rb1 34. Kf2 Ra1 35. Rb3 Ra2+ 36. Kf3 Ra7 37. Rd3 Ra2 38. Rb3 Ra1 39. Kf2 Rc1 40. Rd3 f6 41. exf6 Kxf6 42. Rb3 Rc2+ 43.
Kf3 d4 44. Rd3 Rc3 45. Ke2 e5 46. fxe5+ Kxe5 47. Kd2 Rxd3+ 48. Kxd3 Kf4 0-1

[Event "Live Chess"]
[Site "Chess.com"]
[Date "2023.05.21"]
[Round "-"]
[White "Tiltador"]
[Black "Tilbs_12"]
[Result "0-1"]
[WhiteElo "858"]
[BlackElo "1577"]
[TimeControl "300"]
[EndTime "2:02:54 PDT"]
[Termination "Tilbs_12 won by checkmate"]

1. e4 c6 2. Nf3 d5 3. exd5 cxd5 4. Bb5+ Nc6 5. Bxc6+ bxc6 6. O-O Nf6 7. d3 Bg4 8.
h3 Bh5 9. Bg5 e6 10. Bxf6 Qxf6 11. Nc3 Bd6 12. Qe1 Qf4 13. g3 Qxf3 14. Qe3 Qxe3 15. fxe3 Bxg3 16. e4 Bd6 17. exd5 cxd5 18. Nb5 Bc5+ 19. d4 Bb6 20. Nd6+ Ke7 21. Nb5 a6 22.
Nc3 Bxd4+ 23. Kh1 Bxc3 24. bxc3 Rhc8 25. Rab1 Rab8 26. Rxb8 Rxb8 27. Rg1 Bg6 28. Rg2 Rc8 29. Rg3 Rb8 30. Kh2 Rb2 31. c4 Rxc2+ 32. Rg2 Rxg2+ 33. Kxg2 dxc4 34. Kf2 c3 35. Ke2 c2 36. Kd2 Kd6 37. Kc1 Kc5 38. a3 Kd4 39. a4 Kd3 40. h4 e5 41. a5 e4 42. Kb2 Kd2 43. h5 Bxh5 44. Kb3 c1=Q 45. Kb4 Qb1+ 46. Kc5 Kd3 47. Kd6 e3 48. Ke5 e2 49. Kf4 e1=Q 50.
Kg5 Qg1+ 51. Kxh5 Qc2 52. Kh4 Qch2# 0-1

[Event "Live Chess"]
[Site "Chess.com"]
[Date "2023.05.21"]
[Round "-"]
[White "whitedjohn"]
[Black "TKDRyan"]
[Result "1-0"]
[WhiteElo "1641"]
[BlackElo "1135"]
[TimeControl "300"]
[EndTime "2:03:00 PDT"]
[Termination "whitedjohn won by resignation"]

1. e4 c5 2. Nf3 d6 3. d4 cxd4 4. Nxd4 Nc6 5. Nc3 e5 6. Nb3 Be7 7. Be2 Nf6 8. Be3 O-O 9. f3 h6 10. Qd2 a6 11. O-O-O Be6 12. g4 Bxb3 13. axb3 Qa5 14.
Kb1 Nb4 15. h4 Rac8 16. Na4 b5 17. Bb6 Rxc2 18. Bxa5 Rxd2 19. Rxd2 d5 20. Nc3 d4 21. Bxb4 Bxb4 22. Kc2 Rc8 23. Rd3 dxc3 24. bxc3 Ba3 25.
Ra1 b4 26. c4 Nd7 27. Rxd7 Kh7 28. Ra7 Rd8 29. Rxa6 g6 30. R6xa3 bxa3 31. Rxa3 f5 32. exf5 gxf5 33. gxf5 1-0

[Event "Live Chess"]
[Site "Chess.com"]
[Date "2023.05.21"]
[Round "-"]
[White "raminguy"]
[Black "AbilifyXL"]
[Result "1-0"]
[WhiteElo "1976"]
[BlackElo "1939"]
[TimeControl "300"]
[EndTime "2:03:13 PDT"]
[Termination "raminguy won by resignation"]

1. d4 d5 2. Nc3 c6 3. Bf4 Nf6 4.
e3 Bg4 5. f3 Bf5 6. h4 h5 7. Bd3 Bxd3 8. Qxd3 e6 9. Nge2 Bd6 10.
O-O-O Qc7 11. Rde1 Nbd7 12. Bxd6 Qxd6 13. e4 dxe4 14. Nxe4 Nxe4 15. Qxe4 Nf6 16. Qd3 O-O-O 17.
Qb3 Rhe8 18. Rd1 Qd5 19. Qa3 Kb8 20. Nc3 Qc4 21. Qa4 Qxa4 22. Nxa4 Rd5 23. c4 Rd6 24. c5 Rd5 25. Nc3 Rd7 26. Rd2 Red8 27. Rhd1 Nd5 28. Ne4 Ne3 29. Re1 Nf5 30. Red1 Rxd4 31. Ng5 Rxd2 32.
Rxd2 Rxd2 33. Kxd2 Nxh4 34. g3 Nf5 35. g4 hxg4 36.
fxg4 Ne7 37. Nxf7 Kc7 38. Ne5 Nd5 39. a3 Kd8 40. b4 Ke7 41. g5 Nf4 42. Ke3 Nh3 43.
Nf3 e5 44. Ke4 Ke6 45. a4 a5 46. bxa5 g6 47. Nxe5 Nxg5+ 48. Kf4 Nh3+ 49. Ke4 Ng5+ 50. Kd4 Kf5 51. Nxc6 Ne6+ 52. Kd5 bxc6+ 53. Kxc6 Nd4+ 54.
Kb6 g5 55. a6 g4 56. a7 g3 57. a8=Q Kf4 58. Qg2 1-0